 Dungeon Crawl Stone Soup version 0.31-a0-233-g139696dc86 (webtiles) character file.

Game seed: 12108200308793017751

43 qw the Shooter (level 3, 0/21 HPs)
             Began as a Gargoyle Hexslinger on July 7, 2023.
             Slain by a goblin
             ... wielding a +0 dagger
             ... led by Robin
              (3 damage)
             ... on level 2 of the Dungeon.
             The game lasted 00:00:27 (980 turns).

qw the Shooter (Gargoyle Hexslinger)                 Turns: 980, Time: 00:00:27

Health: 0/21       AC:  5    Str: 11    XL:     3   Next: 58%
Magic:  4/4        EV: 12    Int: 13    God:
Gold:   78         SH:  0    Dex: 14    Spells: 3/4 levels left

rFire   . . .        Y - +1 sling
rCold   . . .        (no shield)
rNeg    + . .        c - +0 robe
rPois   inf          (no helmet)
rElec   +            (no cloak)
rCorr   .            (no gloves)
SInv    .            (no boots)
Will    .....        (no amulet)
Stlth   +            (no ring)
HPRegen 0.23/turn    (no ring)
MPRegen 0.09/turn

%: no passive effects
@: no status effects
A: sickness immunity, AC +3, negative energy resistance 1, electricity
resistance, torment resistance 1, petrification resistance
a: no special abilities


You were on level 2 of the Dungeon.
You visited 1 branch of the dungeon, and saw 2 of its levels.

You collected 78 gold pieces.


Innate Abilities, Weirdness & Mutations

You are immune to sickness and miasma.
Your stone body is resilient. (AC +3)
You are immune to poison.
You resist negative energy. (rN+)
You are resistant to electric shocks. (rElec)
You are resistant to unholy torment.
You are immune to petrification.


   Skills:
 - Level 2.0 Fighting
 + Level 3.5 Ranged Weapons
 - Level 1.5 Dodging
 - Level 1.0 Spellcasting
 - Level 2.6 Hexes


You had 3 spell levels left.
You knew the following spells:

 Your Spells              Type           Power      Damage    Failure   Level
a - Slow                  Hex            28%        N/A       10%         1

Your spell library contained the following spells:

 Spells                   Type           Power      Damage    Failure   Level
 Inner Flame              Hex/Fire       4%         N/A       43%         3
 Portal Projectile        Hex/Tloc       8%         N/A       43%         3
 Cause Fear               Hex            3%         N/A       67%         4

Inventory:

Hand Weapons
 Y - a +1 sling (weapon)
Armour
 c - a +0 robe (worn)
 j - a +0 leather armour
Jewellery
 a - an amulet of reflection
 f - a ring of fire
Scrolls
 b - a scroll of fog {unknown}
 e - 2 scrolls of identify {unknown}
 i - a scroll of revelation {unknown}
 k - a scroll of teleportation {unknown}
Potions
 d - a potion of heal wounds {unknown}
 g - a potion of enlightenment {unknown}
 h - a potion of haste {unknown}

Dungeon Overview and Level Annotations

Branches:
Dungeon (2/15)

Altars:

Annotations:
D:2 Robin


Message History

The sling bullet hits the goblin.
The goblin is heavily wounded.
The ball python barely misses you. The ball python constricts you.
The goblin hits you but does no damage. The goblin closely misses you.
The ball python closely misses you. The ball python constricts you.
You shoot a sling bullet.
The sling bullet barely misses the ball python.
The sling bullet barely misses the goblin.
The goblin hits you but does no damage. The ball python misses you.
The ball python constricts you. The goblin hits you with a +0 dagger.
You shoot a sling bullet. The sling bullet hits the ball python.
You kill the ball python!
Robin throws the goblin at you! The goblin barely misses you.
A goblin comes into view. It is wielding a +0 dagger.
The goblin misses you. The goblin closely misses you.
You shoot a sling bullet. The sling bullet hits the goblin!
You kill the goblin!
Robin throws the goblin at you!
The goblin hits you with a +0 dagger. x2
The goblin closely misses you.
The goblin hits you but does no damage. x2
The goblin misses you.
You shoot a sling bullet. The sling bullet hits the goblin.
You kill the goblin!
The goblin closely misses you. x2
You shoot a sling bullet.
The sling bullet hits Robin but does no damage.
The goblin misses you. The goblin hits you but does no damage.
A goblin comes into view. It is wielding a +0 club.
Robin hits you with a +4 short sword of draining.
You shoot a sling bullet. The sling bullet hits Robin.
Robin is moderately wounded.
Robin roars a battlecry!
The goblins go into a battle-frenzy!
The goblin barely misses you. The goblin hits you with a +0 dagger.
You shoot a sling bullet. The sling bullet hits Robin!
Robin is severely wounded.
Robin throws the goblin at you! The goblin hits you with a +0 dagger.
The goblin misses you. The goblin hits you with a +0 dagger.
A goblin comes into view. It is wielding a +0 club.
The goblin hits you with a +0 dagger.
You die...

#.###...............# #.#.......
........###.#<###...# #.........
#.###...........#...#.#.#.#...#.
#.# #.##.......##.... ... ...#
#.# #....%.........##.
#.###.##%####..#...##.#.
#.......................
....<....######g.####.#gg
#............##g@###...gg
#.#####......###ggggg.# #.#
#......# #gg.......
#.#####......# #.....####
#.#..........# #.....#
..#..........# #.....#
#.#......##### #.....#
#.#......# #.#.### #.#......#
#.#..


You could see Robin, a hobgoblin (strong) and 7 goblins.

Vanquished Creatures
  5 ball pythons
  8 bats (D:1)
  3 endoplasms (D:1)
  2 giant cockroaches (D:2)
  8 goblins
  3 hobgoblins
  A quokka (D:2)
  A frilled lizard (D:2)
  3 kobolds (D:1)
  5 rats (D:1)
39 creatures vanquished.

Notes
Turn   | Place    | Note
-------+----------+-------------------------------------------
     0 | D:1      | qw the Gargoyle Hexslinger began the quest for the Orb.
     0 | D:1      | Reached XP level 1. HP: 12/12 MP: 2/2
     0 | D:1      | 0 ||| qw: Version: 0.3-a-46-gb1f654a
     0 | D:1      | 0 ||| qw: Game counter: 3184
     0 | D:1      | 0 ||| qw: Melee chars always use a shield: true
     0 | D:1      | 0 ||| qw: God list: Okawaru
     0 | D:1      | 0 ||| qw: Allow faded altars: false
     0 | D:1      | 0 ||| qw: Do Orc after clearing Dungeon:15 true
     0 | D:1      | 0 ||| qw: Do second Lair branch before Depths: true
     0 | D:1      | 0 ||| qw: Lair rune preference: random
     0 | D:1      | 0 ||| qw: Goals: Normal
     0 | D:1      | 0 ||| PLANNING D:1-11
   151 | D:1      | Reached XP level 2. HP: 16/16 MP: 3/3
   224 | D:1      | Reached skill level 3 in Ranged Weapons
   422 | D:1      | Reached XP level 3. HP: 21/21 MP: 4/4
   674 | D:1      | 674 ||| READING 2 scrolls labelled HEOPLE RIUSCH.
   675 | D:1      | 675 ||| DROPPING scroll of blinking.
   676 | D:1      | 676 ||| DROPPING scroll of poison.
   966 | D:2      | Noticed Robin
   967 | D:2      | 967 ||| Stepping ~*~*~tactically~*~*~ (outnumbered).
   980 | D:2      | HP: 3/21 [goblin/+0 dagger[Robin] (3)]
   980 | D:2      | Slain by a goblin

Levels and vault maps discovered:
D:1:      dpeg_arrival_subterranean_lakeside_camping, layout_basic
D:2:      layout_basic, uniq_robin

Skill      XL: |  1  2 |
---------------+-------+-----
Ranged Weapons | 3 |  3.5
Fighting       | 2 |  2.0
Dodging        | |  1.5
Spellcasting   | |  1.0
Hexes          | |  2.6

Action                     || total
---------------------------++-------
   Fire: Sling             ||   120
    Use: Scroll            ||     1
 Armour: Robe              ||    21
  Dodge: Dodged            ||    29

Table legend:
 A = Non-vault XP
 B = Vault XP
 C = Vault XP percentage of total XP
 D = Non-vault monster count
 E = Vault monster count
 F = Vault count percentage of total count
                 A         B        C        D         E       F
            +---------+---------+-------+---------+---------+-------
      Total |      46 |      16 |  25.8 |      30 |       9 |  23.1
            +---------+---------+-------+---------+---------+-------
        D:1 |      34 |      10 |  22.7 |      23 |       6 |  20.7
        D:2 |      12 |       6 |  33.3 |       7 |       3 |  30.0
            +---------+---------+-------+---------+---------+-------
